 Dungeon Crawl Stone Soup version 0.31-a0-986-g5e6e4ef867 (webtiles) character file.

Game seed: 7001259362906595458

927 clenchingflame the Chopper (level 8, 0/65 (70) HPs)
             Began as a Hill Orc Monk on Nov 16, 2023.
             Was a Believer of the Shining One.
             Killed by divine providence
             ... invoked by Jeremiah
              (12 damage)
             ... on level 6 of the Dungeon.
             The game lasted 00:18:58 (4754 turns).

clenchingflame the Chopper (Hill Orc Monk)          Turns: 4754, Time: 00:18:59

HP:   0/65 (70)     AC: 12    Str: 16    XL:     8   Next: 10%
MP:   11/11         EV:  8    Int: 10    God:    the Shining One [**....]
Gold: 422           SH: 12    Dex: 13    Spells: 4/7 levels left

rFire   . . .        f - +2 hand axe (heavy)
rCold   . . .        d - orb {light}
rNeg    + . .        u - +0 chain mail
rPois   .            a - +0 helmet
rElec   .            x - +1 cloak
rCorr   .            (no gloves)
SInv    .            (no boots)
Will    .....        s - amulet of reflection Stlth
                     (no ring)
HPRegen 0.30/turn    (no ring)
MPRegen 0.12/turn

%: reflection
@: divinely shielded, attractive, glowing, drained
A: no striking features
a: Renounce Religion, Divine Shield


You were on level 6 of the Dungeon.
You worshipped the Shining One.
The Shining One was pleased with you.
You visited 1 branch of the dungeon, and saw 6 of its levels.

You collected 422 gold pieces.

Inventory:

Hand Weapons
 f - a +2 heavy hand axe (weapon)
Missiles
 o - 39 stones (quivered)
 v - 2 throwing nets
Armour
 a - a +0 helmet (worn)
 d - an orb of light (worn)
 u - a +0 chain mail (worn)
 x - a +1 cloak (worn)
Jewellery
 h - an amulet of faith
 s - an amulet of reflection (around neck)
 w - a ring of see invisible
Wands
 q - a wand of mindburst (10)
 y - a wand of digging (5)
 B - a wand of iceblast (4)
Scrolls
 i - a scroll of revelation {unknown}
 j - 5 scrolls of teleportation {unknown}
 k - a scroll of poison {unknown}
 l - 2 scrolls of enchant weapon {unknown}
 n - a scroll of fog {unknown}
 p - a scroll of amnesia {unknown}
 r - a scroll of enchant armour {unknown}
 t - a scroll of identify {unknown}
Potions
 b - 4 potions of curing
 c - 2 potions of ambrosia
 e - a potion of attraction
 g - a potion of mutation {unknown}
 m - a potion of enlightenment {unknown}
 z - a potion of magic {unknown}
 A - 2 potions of lignification {unknown}


   Skills:
 - Level 6.0 Fighting
 * Level 7.7(8.2) Axes
 - Level 3.6(5.5) Polearms
 + Level 3.7 Armour
 - Level 2.4 Dodging
 + Level 4.5 Invocations


You had 4 spell levels left.
You knew the following spells:

 Your Spells              Type           Power      Damage    Failure   Level
a - Gell's Gravitas       Tloc           0%         N/A       100%        3

Your spell library contained the following spells:

 Spells                   Type           Power      Damage    Failure   Level
 Wereblood                Tmut           0%         N/A       100%        2
 Frozen Ramparts          Ice            0%         1d1       100%        3
 Teleport Other           Tloc           0%         N/A       100%        3
 Petrify                  Tmut/Erth      0%         N/A       100%        4
 Irradiate                Conj/Tmut      0%         3d11      100%        5
 Metabolic Englaciation   Hex/Ice        0%         N/A       100%        5
 Dispersal                Tloc           0%         N/A       100%        6


Dungeon Overview and Level Annotations

Branches:
Dungeon (6/15)             Temple (0/1) D:5

Altars:
Dithmenos
Fedhas
The Shining One

Shops:
D:2 (

Annotations:
D:6 Jeremiah


Message History

You slash Jeremiah!
Jeremiah is moderately wounded.
You barely miss the butterfly. You slash the butterfly!
You kill the butterfly!
The butterfly disappears in a burst of colours!
Jeremiah cries, "Fearful master, protect me!"
Something smites you!
* * * LOW HITPOINT WARNING * * *
You barely miss Jeremiah.
Jeremiah is moderately wounded.
You closely miss the butterfly.
The butterfly disappears in a burst of colours!
Jeremiah hits you with a +2 trident of draining.
* * * LOW HITPOINT WARNING * * *
You partially resist.
You feel drained. Jeremiah hits you but does no damage. You partially resist.
It was a potion of attraction.
You feel attractive to monsters.
The butterfly disappears in a burst of colours!
Jeremiah hops!
The butterfly is attracted toward you. x7
Jeremiah is attracted toward you. The butterfly is attracted toward you.
The butterfly is attracted toward you. x3
The butterfly is attracted toward you. x6
The butterfly disappears in a burst of colours!
The butterfly is attracted toward you. x10
The butterfly disappears in a burst of colours! x2
The butterfly is attracted toward you. x9
The butterfly disappears in a burst of colours!
Jeremiah shouts, "O dreadful one, destroy my foe!"
Something smites you!
* * * LOW HITPOINT WARNING * * *
The butterfly is attracted toward you. x3
The butterfly disappears in a burst of colours!
The butterfly is attracted toward you. x5
Okay, then.
It was a potion of curing.
You feel better.
Jeremiah mumbles a slurred invocation.
Something smites you!
You die...
Jeremiah wails, "I didn't mean to kill anyone!
I'm not a murderer!" #.b# . #§b# ..b####bb# .....b.§.# #bbb# #bbF#

.#####bbb#
....§b.[b#
....§bb.@#
########.#
#.# #.# #.#
#.# #.#
##########.#
#..........#


You could see Jeremiah.

Vanquished Creatures
  A black bear (D:4)
  2 ogres (D:5)
  A phantom (D:5)
  3 scorpions
  A gnoll sergeant (D:5)
  A hound (D:4)
  A gnoll bouda (D:5)
  An iguana (D:5)
  Ijyb (D:5)
  6 adders
  9 gnolls
  2 ufetubi (D:5)
  2 worms
  3 dart slugs
  2 orcs
  4 bats
  8 endoplasms
  4 giant cockroaches
  17 goblins
  6 hobgoblins
  3 jackals (D:1)
  2 kobolds (D:2)
  4 quokkas
  8 ball pythons
  4 frilled lizards
  8 rats
104 creatures vanquished.

Notes
Turn   | Place    | Note
-------+----------+-------------------------------------------
     0 | D:1      | clenchingflame the Hill Orc Monk began the quest for the
                  | Orb.
     0 | D:1      | Reached XP level 1. HP: 19/19 MP: 1/1
   110 | D:1      | Reached XP level 2. HP: 26/27 MP: 2/2
   112 | D:1      | Reached skill level 1 in Axes
   503 | D:1      | Reached skill level 2 in Axes
   530 | D:1      | Reached XP level 3. HP: 33/33 MP: 3/3
   899 | D:2      | Found Socop's Weapon Shop.
   993 | D:2      | Reached skill level 3 in Axes
  1947 | D:3      | Reached XP level 4. HP: 35/41 MP: 4/4
  2090 | D:3      | Found a faded altar of an unknown god.
  2094 | D:3      | Found a blossoming altar of Fedhas.
  2122 | D:3      | Found a shadowy altar of Dithmenos.
  2391 | D:3      | Found a glowing golden altar of the Shining One.
  2397 | D:3      | Became a worshipper of the Shining One
  2397 | D:3      | Reached * piety under the Shining One
  2397 | D:3      | Reached ** piety under the Shining One
  2601 | D:4      | Noticed a scorpion
  2611 | D:4      | Killed a scorpion
  2611 | D:4      | The Shining One protects you from harm!
  2612 | D:4      | Reached skill level 4 in Axes
  2612 | D:4      | Reached skill level 1 in Armour
  2612 | D:4      | Reached skill level 1 in Invocations
  2612 | D:4      | Reached XP level 5. HP: 4/47 MP: 5/5
  3138 | D:4      | Reached skill level 5 in Fighting
  3148 | D:4      | Noticed a black bear
  3154 | D:4      | Reached skill level 5 in Axes
  3154 | D:4      | Reached XP level 6. HP: 47/56 MP: 7/7
  3157 | D:4      | Killed a black bear
  3281 | D:4      | Found Qokhineq's Distillery.
  3411 | D:5      | Entered Level 5 of the Dungeon
  3504 | D:5      | Found a staircase to the Ecumenical Temple.
  3598 | D:5      | Reached skill level 6 in Axes
  3598 | D:5      | Reached XP level 7. HP: 30/62 MP: 5/9
  3723 | D:5      | Learned a level 3 spell: Gell's Gravitas
  3888 | D:5      | Reached skill level 7 in Axes
  4257 | D:5      | Reached XP level 8. HP: 56/70 MP: 11/11
  4428 | D:5      | Noticed Ijyb
  4433 | D:5      | Killed Ijyb
  4709 | D:6      | Noticed Jeremiah
  4754 | D:6      | Killed from afar by Jeremiah

Illustrated notes

Levels and vault maps discovered:
D:1:      saegor_arrival_simple_c, layout_rooms, chequers_garden,
          minmay_small_reverse_x
D:2:      layout_basic, serial_shops, nicolae_shop_real_fake_doors,
          minmay_ruptured
D:3:      layout_loops_ring, nicolae_overflow_ecumenical_swirl,
          nicolae_dithmenos_through_a_glass_darkly,
          mainiacjoe_overflow_24_doors, grunt_decor_arrowhead, fountainhead
D:4:      minmay_opposing_rooms, layout_cave_pools, serial_shops, shop,
          minivault_26, chequers_avenue
D:5:      layout_basic, minmay_temple_entry_drinking_statues,
          minmay_misc_feat_x, minmay_ogre_servants, uniq_ijyb
D:6:      layout_basic, elyvilon_altar_3, kennysheep_mini_moat,
          uniq_prince_ribbit1, uniq_jeremiah, uniq_grinder

Skill      XL: |  1  2  3  4  5  6  7 |
---------------+----------------------+-----
Axes           | 2 3 4 5 6 7 |  7.7
Fighting       | 4 5 6 |  6.0
Armour         | 1 2 3 |  3.7
Invocations    | 1 2 3 4 |  4.5
Polearms       | |  3.6
Dodging        | |  2.4

Action                     |  1- 3 |  4- 6 |  7- 9 || total
---------------------------+-------+-------+-------++-------
  Melee: Spear             |    10 |       |       ||    10
         Hand axe          |    68 |    74 |    70 ||   212
  Throw: Stone             |     1 |       |       ||     1
 Invoke: Divine Shield     |       |     1 |     1 ||     2
    Use: Potion            |       |     1 |     2 ||     3
 Armour: Robe              |    11 |       |       ||    11
         Leather armour    |    20 |    22 |       ||    42
         Chain mail        |       |    37 |    81 ||   118
  Dodge: Dodged            |    44 |    43 |    37 ||   124
  Block: Orb               |       |    25 |    25 ||    50
         Other             |       |     2 |       ||     2

Table legend: (Time is in decaauts)
 A = Elapsed time spent in this place.
 B = Non-inter-level travel time spent in this place.
 C = Inter-level travel time spent in this place.
 D = Time resting spent in this place.
 E = Time spent auto-exploring this place.
 F = Levels seen in this place.
 G = Mean time per level.
                   A        B        C        D        E       F      G
               +--------+--------+--------+--------+--------+-----+--------+
         Total |   4863 |   4701 |    162 |    676 |   3140 |   6 |  810.5 |
       Dungeon |   4863 |   4701 |    162 |    676 |   3140 |   6 |  810.5 |
               +--------+--------+--------+--------+--------+-----+--------+

Top non-repeatable levels by time:
     D:5: 1279 daAuts
     D:2: 1269 daAuts
     D:4: 855 daAuts
     D:3: 747 daAuts
     D:1: 612 daAuts
     D:6: 100 daAuts
